cohdb
Replays
Latest Replays
All Replays
Popular Replays
Top Player Replays
Match Explorer
How It Works
Community
CoH3 Stats
Reddit
Sign in to upload your games and track your stats! →
Sign in with Steam
Match 46978957
Unlisted
Match 46978957
Overview
Messages
Build Orders
End
Royal Engineer Section
Construct Section Command Post
Selects Heavy Armor Battlegroup
Vickers Machine Gun Team
Infantry Section
Infantry Section
Selects Rigorous Vehicle Training
Infantry Section
Construct Platoon Command Post
Humber Armored Car
Unlock Bishop Self-propelled Artillery
Selects Light Vehicle Withdraw and Refit
Selects Forward Repair Assembly
pagep
detahaven
7k this year for sure
SHIRO
Schwachkopf
Chompy
0
0
Comments
sign in to comment!
No comments posted yet!